 Dungeon Crawl Stone Soup version 0.29-a0-234-g0dae59b3db (webtiles) character file.

Game seed: 4193442856330694044

28 sammy202020 the Skirmisher (level 2, -1/24 HPs)
             Began as a Demonspawn Berserker on Mar 2, 2022.
             Was a Follower of Trog.
             Killed from afar by Sigmund (2 damage)
             ... with a magic dart
             ... on level 2 of the Dungeon.
             The game lasted 00:02:09 (1335 turns).

sammy202020 the Skirmisher (Demonspawn Berserker)   Turns: 1335, Time: 00:02:10

Health: -1/24      AC:  4    Str: 17    XL:     2   Next: 96%
Magic:  0/2        EV: 12    Int:  8    God:    Trog [*.....]
Gold:   49         SH:  0    Dex: 12    Spells: 1/1 levels left

rFire   . . .      SeeInvis .   a - +0 spear
rCold   . . .      Faith    .   (no shield)
rNeg    . . .      Spirit   +   b - +0 animal skin
rPois   .          Reflect  .   g - +0 helmet
rElec   .          Harm     .   (no cloak)
rCorr   .          Rampage  .   d - +0 pair of gloves
Will    .....                   (no boots)
Stlth   +.........              c - amulet of guardian spirit
HPRegen 0.08/turn               (no ring)
MPRegen 0.08/turn               (no ring)

@: confused
A: sturdy frame 1
a: Renounce Religion, Berserk


You were on level 2 of the Dungeon.
You worshipped Trog.
Trog was aware of your devotion.
You visited 1 branch of the dungeon, and saw 2 of its levels.

You collected 49 gold pieces.

Inventory:

Hand Weapons
 a - a +0 spear (weapon)
Armour
 b - a +0 animal skin (worn)
 d - a +0 pair of gloves (worn)
 g - a +0 helmet (worn)
Jewellery
 c - an amulet of guardian spirit (around neck)
Scrolls
 e - 2 scrolls of identify {unknown}
 h - 2 scrolls of teleportation {unknown}
 j - a scroll of immolation {unknown}
Potions
 f - 2 potions of brilliance {unknown}
 i - a potion of invisibility {unknown}


   Skills:
 + Level 3.3 Fighting
 + Level 3.0 Polearms
 + Level 2.1 Armour
 + Level 2.1 Dodging


You had one spell level left.
You didn't know any spells.
Your spell library was empty.

Dungeon Overview and Level Annotations

Branches:
Dungeon (2/15)

Altars:

Shops:
D:1 :

Annotations:
D:2 Sigmund


Innate Abilities, Weirdness & Mutations

Your movements are slightly less encumbered by armour. (ER -2)


Message History

h - 2 scrolls labelled USSONN DIOVY (gained 1) Sigmund the Dreaded comes into view.
He is wielding a +0 scythe.
Sigmund shouts!
You hear a shout!
Sigmund is nearby!
A kobold comes into view. It is wielding a +0 short sword.
You reach to attack!
You hit Sigmund.
Sigmund is lightly wounded.
Sigmund drinks a potion.
Sigmund seems to speed up.
You reach to attack!
You closely miss Sigmund.
Sigmund is lightly wounded.
Sigmund gestures at you while chanting. The magic dart hits you!
You reach to attack!
You hit Sigmund.
Sigmund is lightly wounded.
Sigmund points at you and mumbles some strange words.
You resist with significant effort.
Sigmund points at you and mumbles some strange words.
You are confused.
You are too confused!
You are too confused!
Sigmund points at you and mumbles some strange words.
The magic dart hits you.
Okay, then.
You bump into the rock wall.
Sigmund hits you with a +0 scythe.
Okay, then.
You miss Sigmund.
Sigmund is lightly wounded.
Sigmund hits you with a +0 scythe.
Okay, then.
You hit Sigmund.
Sigmund is lightly wounded.
Sigmund misses you.
You hit Sigmund.
Sigmund is moderately wounded.
Sigmund points at you and mumbles some strange words.
The magic dart hits you!
* * * LOW HITPOINT WARNING * * *
Sigmund gestures at you while chanting. The magic dart hits you.
You die...

#.#.# #.#### .....
..... #.#.# ...# #.#.#
...####
#.#.#######.......
##..........#+#...>
#.....#####.#.#....
#.##........<....#....
#.K@.@....#....###....
#..#......#.†.........
#..######.###.#####...
#. .#........... #.
.#.#+######## # .#.
.....). # ####### # #


You could see Sigmund (fast) and a kobold.

Vanquished Creatures
  A dart slug (D:2)
  2 ball pythons (D:1)
  3 endoplasms
  A giant cockroach (D:2)
  A goblin (D:1)
  5 hobgoblins (D:1)
  A quokka (D:1)
  2 bats (D:1)
  5 kobolds
  A rat (D:1)
22 creatures vanquished.

Notes
Turn   | Place    | Note
-------+----------+-------------------------------------------
     0 | D:1      | sammy202020 the Demonspawn Berserker began the quest for
                  | the Orb.
     0 | D:1      | Reached XP level 1. HP: 18/18 MP: 1/1
    67 | D:1      | Found a faded altar of an unknown god.
   497 | D:1      | Gained mutation: Your movements are slightly less
                  | encumbered by armour. (ER -2) [demonic ancestry]
   497 | D:1      | Reached XP level 2. HP: 23/24 MP: 2/2
   755 | D:1      | Found Daugum's Book Boutique.
  1325 | D:2      | Noticed Sigmund
  1334 | D:2      | HP: 1/24 [Sigmund/magic dart (7)]
  1335 | D:2      | Killed from afar by Sigmund

Illustrated notes

Levels and vault maps discovered:
D:1:      pf_arrival_petrified_forest, layout_basic, serial_shops,
          nicolae_shop_advertising_works [nicolae_subvault_shop_adworks],
          ebering_ecumenical_altar_webs, grunt_decor_resistance
D:2:      minmay_wonky_spiral, layout_basic, basic_altar, uniq_sigmund

Skill      XL: |  1  2 |
---------------+-------+-----
Armour         | 2 |  2.1
Dodging        | 2 |  2.1
Polearms       | 3 |  3.0
Fighting       | |  3.3

Action                   || total
-------------------------++-------
Melee: Spear             ||    83
       Punch             ||     2
 Stab: Sleeping          ||     2
Armor: Animal skin       ||    14
Dodge: Dodged            ||    39

Table legend: (Time is in decaauts)
 A = Elapsed time spent in this place.
 B = Non-inter-level travel time spent in this place.
 C = Inter-level travel time spent in this place.
 D = Time resting spent in this place.
 E = Time spent auto-exploring this place.
 F = Levels seen in this place.
 G = Mean time per level.
                   A        B        C        D        E       F      G
               +--------+--------+--------+--------+--------+-----+--------+
         Total |   1331 |   1092 |    239 |      0 |    864 |   2 |  665.5 |
       Dungeon |   1331 |   1092 |    239 |      0 |    864 |   2 |  665.5 |
               +--------+--------+--------+--------+--------+-----+--------+

Top non-repeatable levels by time:
     D:1: 1185 daAuts
     D:2: 145 daAuts
